 Dungeon Crawl Stone Soup version 0.31-a0-187-gba352fbbf7 (webtiles) character file.

Game seed: 7936474218186930624

49 qw the Shooter (level 3, -1/20 HPs)
             Began as a Deep Elf Hunter on June 22, 2023.
             Slain by a goblin
             ... wielding a +0 dagger
             ... led by Robin
              (3 damage)
             ... on level 3 of the Dungeon.
             The game lasted 00:00:30 (1434 turns).

qw the Shooter (Deep Elf Hunter)                    Turns: 1434, Time: 00:00:31

Health: -1/20      AC:  5    Str: 10    XL:     3   Next: 51%
Magic:  5/5        EV: 11    Int: 13    God:
Gold:   8          SH:  0    Dex: 18    Spells: 2/2 levels left

rFire   . . .        Y - +0 shortbow
rCold   . . .        (shield currently unavailable)
rNeg    + . .        i - +0 ring mail
rPois   .            (no helmet)
rElec   .            (no cloak)
rCorr   .            (no gloves)
SInv    .            (no boots)
Will    .....        (no amulet)
Stlth   +            a - ring of positive energy
HPRegen 0.23/turn    (no ring)
MPRegen 0.09/turn

%: no passive effects
@: about to teleport
A: no striking features
a: no special abilities


You were on level 3 of the Dungeon.
You visited 1 branch of the dungeon, and saw 3 of its levels.

You collected 38 gold pieces.
You spent 30 gold pieces at shops.


   Skills:
 - Level 1.5 Fighting
 + Level 7.0 Ranged Weapons
 - Level 2.4 Dodging
 - Level 1.2 Stealth


You had 2 spell levels left.
You didn't know any spells.
Your spell library was empty.

Inventory:

Hand Weapons
 Y - a +0 shortbow (weapon)
Armour
 i - a +0 ring mail (worn)
Jewellery
 a - a ring of positive energy (left hand)
Potions
 c - a potion of curing
 e - a potion of haste {unknown}
 f - a potion of degeneration {unknown}
 h - a potion of magic {unknown}

Dungeon Overview and Level Annotations

Branches:
Dungeon (3/15)

Altars:

Shops:
D:2 !

Annotations:
D:3 Robin


Message History

You hear a shout!
A hobgoblin comes into view.
Robin misses you. The goblin hits you but does no damage.
You shoot an arrow. The arrow barely misses Robin.
Robin misses you.
A goblin comes into view. It is wielding a +0 dagger.
The goblin hits you with a +0 club.
A goblin comes into view. It is wielding a +0 dagger.
The goblin closely misses you. Robin barely misses you.
The goblin moves out of view.
You shoot an arrow. The arrow hits Robin!
Robin is almost dead.
A goblin comes into view. It is wielding a +0 dagger.
The goblin closely misses you. Robin hits you but does no damage.
You shoot an arrow. The arrow closely misses Robin.
The arrow hits the goblin but does no damage.
The goblin hits you with a +0 club.
You shoot an arrow. The arrow hits Robin.
Robin is almost dead.
The goblin no longer looks unusually strong. x2
The hobgoblin no longer looks unusually strong.
The goblin barely misses you.
Robin roars a battlecry!
The goblins go into a battle-frenzy!
The goblin hits you with a +0 club.
A goblin comes into view. It is wielding a +0 dagger.
The goblin shouts!
You shoot an arrow. The arrow closely misses Robin.
The goblin no longer looks unusually strong.
The goblin barely misses you. The goblin hits you with a +0 club.
1433 ||| READING scroll of teleportation.
As you read the scroll of teleportation, it crumbles to dust.
You feel strangely unstable. The goblin hits you with a +0 dagger.
Robin barely misses you. The goblin barely misses you.
You shoot an arrow. The arrow barely misses Robin.
The arrow barely misses the goblin.
The hobgoblin no longer looks unusually strong.
The goblin hits you with a +0 dagger.
You die...

.g .... ...# g #..# ...
.### #..##.. .## .g.#
#P....# .... #..#
+.....# .... #).#
#P....# #gg###..#
#.....+
#ggg@gg.#####.....###
#.###g##....###....#.
#.#...##....###.#..#.
#.#.###............#.
#.#.###..............
#....##...........#..
#....##.............[
#.##.##.............#
####.##.##.............#


You could see Robin, 2 hobgoblins and 5 goblins.

Vanquished Creatures
  An adder (D:2)
  A dart slug (D:1)
  4 ball pythons
  2 bats
  An endoplasm (D:1)
  2 giant cockroaches (D:1)
  10 goblins
  4 hobgoblins
  4 kobolds
  4 rats (D:2)
33 creatures vanquished.

Notes
Turn   | Place    | Note
-------+----------+-------------------------------------------
     0 | D:1      | qw the Deep Elf Hunter began the quest for the Orb.
     0 | D:1      | Reached XP level 1. HP: 12/12 MP: 3/3
     0 | D:1      | 0 ||| qw: Version: 0.3-a-9-g12657ce
     0 | D:1      | 0 ||| qw: Game counter: 2038
     0 | D:1      | 0 ||| qw: Always use a shield: true
     0 | D:1      | 0 ||| qw: God list: Okawaru
     0 | D:1      | 0 ||| qw: Allow faded altars: false
     0 | D:1      | 0 ||| qw: Do Orc after D:15 true
     0 | D:1      | 0 ||| qw: Do second Lair branch before Depths: true
     0 | D:1      | 0 ||| qw: Lair rune preference: random
     0 | D:1      | 0 ||| qw: Plans: Normal
     0 | D:1      | 0 ||| PLANNING D:1-11
    28 | D:1      | 28 ||| FLEEEEING.
    29 | D:1      | 29 ||| FLEEEEING.
    35 | D:1      | 35 ||| FLEEEEING.
    36 | D:1      | 36 ||| FLEEEEING.
   251 | D:1      | Reached XP level 2. HP: 16/16 MP: 4/4
   302 | D:1      | Reached skill level 6 in Ranged Weapons
   767 | D:1      | 767 ||| UPGRADING to +0 ring mail.
   777 | D:1      | 777 ||| DROPPING +0 leather armour.
   778 | D:1      | 778 ||| READING scroll labelled CIBEBIL ITRAXUSCH.
   782 | D:1      | 782 ||| READING scroll labelled DINAGR ACZABEALIBB.
   783 | D:1      | 783 ||| DROPPING scroll of butterflies.
   955 | D:2      | Reached XP level 3. HP: 20/20 MP: 5/5
  1017 | D:2      | Found Puybbuyt's Distillery.
  1024 | D:2      | 1024 ||| SHOPLISTING potion of cancellation (80 gold, have
                  | 31).
  1024 | D:2      | 1024 ||| BUYING potion of curing (30 gold).
  1024 | D:2      | Bought a potion of curing for 30 gold pieces
  1024 | D:2      | 1024 ||| SHOPLISTING potion of enlightenment (50 gold, have
                  | 1).
  1024 | D:2      | 1024 ||| SHOPLISTING potion of mutation (80 gold, have 1).
  1208 | D:2      | Found a faded altar of an unknown god.
  1315 | D:2      | 1315 ||| UPGRADING to ring of positive energy.
  1316 | D:2      | 1316 ||| READING scroll labelled TOINTA RUCU.
  1361 | D:3      | Reached skill level 7 in Ranged Weapons
  1414 | D:3      | Noticed Robin
  1415 | D:3      | 1415 ||| Stepping ~*~*~tactically~*~*~ (outnumbered).
  1418 | D:3      | 1418 ||| Stepping ~*~*~tactically~*~*~ (outnumbered).
  1432 | D:3      | HP: 3/20 [goblin/+0 club[Robin] (4)]
  1433 | D:3      | 1433 ||| READING scroll of teleportation.
  1433 | D:3      | HP: 1/20 [goblin/+0 dagger[Robin] (2)]
  1434 | D:3      | Slain by a goblin

Levels and vault maps discovered:
D:1:      reono_arrival_mine, layout_loops_ring
D:2:      layout_basic, shapermc_ecumenical_altar_hornbeckon, serial_shops,
          nicolae_diamond_shop
D:3:      layout_basic, cheibrodos_gnoll_hut, uniq_jessica, uniq_robin,
          uniq_ijyb, uniq_terence

Skill      XL: |  1  2  3 |
---------------+----------+-----
Ranged Weapons | 6 7 |  7.0
Fighting       | |  1.5
Dodging        | |  2.4
Stealth        | |  1.2

Action                     || total
---------------------------++-------
   Fire: Shortbow          ||   109
    Use: Scroll            ||     4
 Armour: Leather armour    ||     3
         Ring mail         ||    10
  Dodge: Dodged            ||    31

Table legend:
 A = Non-vault XP
 B = Vault XP
 C = Vault XP percentage of total XP
 D = Non-vault monster count
 E = Vault monster count
 F = Vault count percentage of total count
                 A         B        C        D         E       F
            +---------+---------+-------+---------+---------+-------
      Total |      64 |       6 |   8.6 |      30 |       3 |   9.1
            +---------+---------+-------+---------+---------+-------
        D:1 |      33 |       0 |   0.0 |      17 |       0 |   0.0
        D:2 |      29 |       0 |   0.0 |      12 |       0 |   0.0
        D:3 |       2 |       6 |  75.0 |       1 |       3 |  75.0
            +---------+---------+-------+---------+---------+-------
